% Time on Ice - LAS VEGAS LIZARD KINGS
Lines # - Real PCT - Wanted PCT - Time Play
Normal Forward
1 - 32% - 37% - 15:22
2 - 31% - 30% - 14:35
3 - 25% - 25% - 11:59
4 - 11% - 8% - 5:22
Normal Defense
1 - 37% - 40% - 17:41
2 - 31% - 30% - 14:28
3 - 32% - 30% - 15:09
4 - 0% - 0% - 0:00
PP Forward
1 - 53% - 55% - 4:10
2 - 47% - 45% - 3:46
PP Defense
1 - 58% - 55% - 4:36
2 - 42% - 45% - 3:20
PK Forward
1 - 53% - 55% - 2:06
2 - 47% - 45% - 1:52
PK Defense
1 - 49% - 55% - 1:56
2 - 51% - 45% - 2:02
PK3 Forward
1 - 0% - 55%
2 - 0% - 45%
PK3 Defense
1 - 0% - 55%
2 - 0% - 45%
44 Forward
1 - 100% - 55% - 0:48
2 - 0% - 45% - 0:00
44 Defense
1 - 79% - 55% - 0:38
2 - 21% - 45% - 0:10
Last Minute Offensive  - 0:00
Last Minute Defensive  - 0:00
Total
Forward - 60:00
Defense - 60:00
% Time on Ice - BOISE CARIBOUS
Lines # - Real PCT - Wanted PCT - Time Play
Normal Forward
1 - 37% - 37% - 17:21
2 - 29% - 31% - 13:37
3 - 22% - 23% - 10:35
4 - 12% - 9% - 5:45
Normal Defense
1 - 35% - 37% - 16:45
2 - 35% - 36% - 16:25
3 - 30% - 27% - 14:08
4 - 0% - 0% - 0:00
PP Forward
1 - 52% - 55% - 2:04
2 - 48% - 45% - 1:54
PP Defense
1 - 52% - 55% - 2:04
2 - 48% - 45% - 1:54
PK Forward
1 - 57% - 55% - 4:32
2 - 43% - 45% - 3:24
PK Defense
1 - 54% - 55% - 4:15
2 - 46% - 45% - 3:41
PK3 Forward
1 - 0% - 55%
2 - 0% - 45%
PK3 Defense
1 - 0% - 55%
2 - 0% - 45%
44 Forward
1 - 100% - 55% - 0:48
2 - 0% - 45% - 0:00
44 Defense
1 - 79% - 55% - 0:38
2 - 21% - 45% - 0:10
Last Minute Offensive  - 0:00
Last Minute Defensive  - 0:00
Total
Forward - 60:00
Defense - 60:00
Play-by-Play 1st period 0:01 of 1st period - Charlie Coyle wins face-off versus Ryan Nugent-Hopkins in neutral zone. 0:15 of 1st period - Off-side. 0:16 of 1st period - Jeff Carter wins face-off versus Tim Stutzle in neutral zone. 0:20 of 1st period - Evan Rodrigues is hit by Dmitry Kulikov and loses puck. 1:09 of 1st period - Shot by Sean Monahan. 1:09 of 1st period - Stopped by Ilya Sorokin with a rebound. 2:09 of 1st period - Shot by Johnny Gaudreau. 2:09 of 1st period - Shot Misses the Net. 2:20 of 1st period - Icing by Chad Ruhwedel. 2:21 of 1st period - Zemgus Girgensons wins face-off versus Jean-Gabriel Pageau in BOISE CARIBOUS zone. 2:35 of 1st period - Shot by Drake Caggiula. 2:35 of 1st period - Deflect By Dylan Gambrell. 2:35 of 1st period - Shot Misses the Net. 2:37 of 1st period - Shot by Zemgus Girgensons. 2:37 of 1st period - Shot Misses the Net. 2:39 of 1st period - Shot by Dylan Gambrell. 2:39 of 1st period - Deflect By Zemgus Girgensons. 2:39 of 1st period - Stopped by Ilya Sorokin without a rebound. 2:40 of 1st period - Charlie Coyle wins face-off versus Jeff Carter in BOISE CARIBOUS zone. 3:04 of 1st period - Shot by Andre Burakovsky. 3:04 of 1st period - Stopped by Spencer Knight with a rebound. 3:06 of 1st period - Shot by Charlie Coyle. 3:06 of 1st period - Stopped by Spencer Knight without a rebound. 3:07 of 1st period - Jesperi Kotkaniemi wins face-off versus Ryan Nugent-Hopkins in LAS VEGAS LIZARD KINGS zone. 3:16 of 1st period - Shot by Moritz Seider. 3:16 of 1st period - Stopped by Spencer Knight with a rebound. 3:24 of 1st period - Shot by Jesperi Kotkaniemi. 3:24 of 1st period - Shot Misses the Net. 3:28 of 1st period - Shot by Jesperi Kotkaniemi. 3:28 of 1st period - Goal by Jesperi Kotkaniemi - LAS VEGAS LIZARD KINGS : 0 - BOISE CARIBOUS : 1. 3:29 of 1st period - Charlie Coyle wins face-off versus Victor Olofsson in neutral zone. 4:02 of 1st period - Shot by Matthew Nieto. 4:02 of 1st period - Shot Misses the Net. 4:06 of 1st period - Shot by Matthew Nieto. 4:06 of 1st period - Stopped by Ilya Sorokin without a rebound. 4:07 of 1st period - Ryan Nugent-Hopkins wins face-off versus Jesperi Kotkaniemi in BOISE CARIBOUS zone. 4:59 of 1st period - Ronald Attard is hit by Jesperi Kotkaniemi and loses puck. 5:22 of 1st period - Shot by Nick Schmaltz. 5:22 of 1st period - Goal by Nick Schmaltz - LAS VEGAS LIZARD KINGS : 0 - BOISE CARIBOUS : 2. 5:23 of 1st period - Jeff Carter wins face-off versus Tim Stutzle in neutral zone. 6:34 of 1st period - Shot by Zemgus Girgensons. 6:34 of 1st period - Goal by Zemgus Girgensons - LAS VEGAS LIZARD KINGS : 1 - BOISE CARIBOUS : 2. 6:35 of 1st period - Sean Monahan wins face-off versus Danton Heinen in neutral zone. 6:50 of 1st period - Shot by Victor Olofsson. 6:50 of 1st period - Deflect By Sean Monahan. 6:50 of 1st period - Stopped by Ilya Sorokin with a rebound. 6:52 of 1st period - Shot by Matthew Nieto. 6:52 of 1st period - Deflect By Victor Olofsson. 6:52 of 1st period - Stopped by Ilya Sorokin without a rebound. 6:53 of 1st period - Charlie Coyle wins face-off versus Ryan Nugent-Hopkins in BOISE CARIBOUS zone. 6:53 of 1st period - Charlie Coyle is hit by Nino Niederreiter. 7:27 of 1st period - Johnny Gaudreau is hit by Chad Ruhwedel and loses puck. 7:37 of 1st period - Minor Penalty to Charlie Coyle for Hooking. 7:38 of 1st period - Jesperi Kotkaniemi wins face-off versus Jeff Carter in BOISE CARIBOUS zone. 7:53 of 1st period - Shot by Jeff Carter. 7:53 of 1st period - Shot Misses the Net. 9:44 of 1st period - Shot by Dylan Gambrell. 9:44 of 1st period - Stopped by Ilya Sorokin without a rebound. 9:45 of 1st period - Charlie Coyle wins face-off versus Zemgus Girgensons in BOISE CARIBOUS zone. 9:52 of 1st period - Shot by Nick Schmaltz. 9:52 of 1st period - Shot Blocked by John Marino. 11:15 of 1st period - Shot by Artturi Lehkonen. 11:15 of 1st period - Shot Misses the Net. 11:17 of 1st period - Shot by Artturi Lehkonen. 11:17 of 1st period - Stopped by Spencer Knight without a rebound. 11:18 of 1st period - Jean-Gabriel Pageau wins face-off versus Sean Monahan in LAS VEGAS LIZARD KINGS zone. 11:25 of 1st period - Icing by Jack Johnson. 11:26 of 1st period - Sean Monahan wins face-off versus Jean-Gabriel Pageau in LAS VEGAS LIZARD KINGS zone. 11:32 of 1st period - Off-side. 11:33 of 1st period - Evan Rodrigues wins face-off versus Jean-Gabriel Pageau in neutral zone. 11:54 of 1st period - Shot by Danton Heinen. 11:54 of 1st period - Stopped by Spencer Knight without a rebound. 11:55 of 1st period - Sean Monahan wins face-off versus Tim Stutzle in LAS VEGAS LIZARD KINGS zone. 12:25 of 1st period - Sean Monahan is hit by Chad Ruhwedel. 12:33 of 1st period - Brayden McNabb is hit by Tim Stutzle and loses puck. 12:53 of 1st period - Minor Penalty to Chad Ruhwedel for Charging. 12:54 of 1st period - Jesperi Kotkaniemi wins face-off versus Ryan Nugent-Hopkins in BOISE CARIBOUS zone. 14:28 of 1st period - Shot by Ryan Nugent-Hopkins. 14:28 of 1st period - Stopped by Ilya Sorokin without a rebound. 14:29 of 1st period - Ryan Nugent-Hopkins wins face-off versus Jean-Gabriel Pageau in BOISE CARIBOUS zone. 15:19 of 1st period - Shot by Nick Schmaltz. 15:19 of 1st period - Shot Misses the Net. 15:21 of 1st period - Shot by Charlie Coyle. 15:21 of 1st period - Stopped by Spencer Knight without a rebound. 15:22 of 1st period - Jeff Carter wins face-off versus Jean-Gabriel Pageau in LAS VEGAS LIZARD KINGS zone. 15:28 of 1st period - Dmitry Kulikov is hit by Jeff Carter and loses puck. 15:35 of 1st period - Icing by Dylan DeMelo. 15:36 of 1st period - Jean-Gabriel Pageau wins face-off versus Sean Monahan in BOISE CARIBOUS zone. 16:05 of 1st period - Shot by Sean Monahan. 16:05 of 1st period - Shot Blocked by Lawson Crouse. 16:47 of 1st period - Shot by Nino Niederreiter. 16:47 of 1st period - Deflect By Ryan Nugent-Hopkins. 16:47 of 1st period - Shot Misses the Net. 16:49 of 1st period - Shot by Jack Johnson. 16:49 of 1st period - Shot Blocked by Andre Burakovsky. 16:51 of 1st period - Shot by Nick Leddy. 16:51 of 1st period - Shot Blocked by Andre Burakovsky. 17:39 of 1st period - Shot by Artturi Lehkonen. 17:39 of 1st period - Shot Blocked by John Marino. 17:41 of 1st period - Shot by Zach Parise. 17:41 of 1st period - Shot Blocked by John Marino. 18:29 of 1st period - Shot by Stefan Noesen. 18:29 of 1st period - Shot Misses the Net. 18:35 of 1st period - Shot by Jesperi Kotkaniemi. 18:35 of 1st period - Shot Misses the Net. 18:55 of 1st period - Shot by Lawson Crouse. 18:55 of 1st period - Shot Misses the Net. 18:57 of 1st period - Shot by Moritz Seider. 18:57 of 1st period - Stopped by Spencer Knight without a rebound. 18:58 of 1st period - Charlie Coyle wins face-off versus Sean Monahan in LAS VEGAS LIZARD KINGS zone. 19:10 of 1st period - Icing by Brayden McNabb. 19:11 of 1st period - Zach Parise wins face-off versus Sean Monahan in LAS VEGAS LIZARD KINGS zone. 19:33 of 1st period - Shot by Victor Olofsson. 19:33 of 1st period - Goal by Victor Olofsson - LAS VEGAS LIZARD KINGS : 2 - BOISE CARIBOUS : 2. 19:34 of 1st period - Charlie Coyle wins face-off versus Ryan Nugent-Hopkins in neutral zone. 19:59 of 1st period - Nino Niederreiter is hit by Charlie Coyle. Goals for this period are 2 for LAS VEGAS LIZARD KINGS vs 2 for BOISE CARIBOUS. Shots for this period are 9 for LAS VEGAS LIZARD KINGS vs 9 for BOISE CARIBOUS. 2nd period 0:01 of 2nd period - Ryan Nugent-Hopkins wins face-off versus Charlie Coyle in neutral zone. 2:17 of 2nd period - Shot by Lawson Crouse. 2:17 of 2nd period - Stopped by Spencer Knight without a rebound. 2:18 of 2nd period - Jesperi Kotkaniemi wins face-off versus Victor Olofsson in LAS VEGAS LIZARD KINGS zone. 2:27 of 2nd period - Shot by Matthew Nieto. 2:27 of 2nd period - Stopped by Ilya Sorokin without a rebound. 2:28 of 2nd period - Ryan Nugent-Hopkins wins face-off versus Charlie Coyle in BOISE CARIBOUS zone. 3:30 of 2nd period - Off-side. 3:31 of 2nd period - Zemgus Girgensons wins face-off versus Tim Stutzle in neutral zone. 3:40 of 2nd period - Shot by Zemgus Girgensons. 3:40 of 2nd period - Stopped by Ilya Sorokin without a rebound. 3:41 of 2nd period - Sean Monahan wins face-off versus Lawson Crouse in BOISE CARIBOUS zone. 4:10 of 2nd period - Shot by Jean-Gabriel Pageau. 4:10 of 2nd period - Stopped by Spencer Knight without a rebound. 4:11 of 2nd period - Tim Stutzle wins face-off versus Ryan Nugent-Hopkins in LAS VEGAS LIZARD KINGS zone. 4:14 of 2nd period - Shot by Artturi Lehkonen. 4:14 of 2nd period - Shot Misses the Net. 4:20 of 2nd period - Shot by Zach Parise. 4:20 of 2nd period - Shot Blocked by Johnny Gaudreau. 4:30 of 2nd period - Shot by Artturi Lehkonen. 4:30 of 2nd period - Deflect By Tim Stutzle. 4:30 of 2nd period - Stopped by Spencer Knight without a rebound. 4:31 of 2nd period - Charlie Coyle wins face-off versus Jeff Carter in LAS VEGAS LIZARD KINGS zone. 4:31 of 2nd period - Charlie Coyle is hit by Jack Johnson. 4:37 of 2nd period - Shot by Andre Burakovsky. 4:37 of 2nd period - Stopped by Spencer Knight without a rebound. 4:38 of 2nd period - Ryan Nugent-Hopkins wins face-off versus Tim Stutzle in LAS VEGAS LIZARD KINGS zone. 4:38 of 2nd period - Ryan Nugent-Hopkins is hit by Artturi Lehkonen. 4:48 of 2nd period - Shot by Johnny Gaudreau. 4:48 of 2nd period - Stopped by Ilya Sorokin without a rebound. 4:49 of 2nd period - Jeff Carter wins face-off versus Danton Heinen in BOISE CARIBOUS zone. 6:57 of 2nd period - Shot by Nick Schmaltz. 6:57 of 2nd period - Stopped by Spencer Knight without a rebound. 6:58 of 2nd period - Ryan Nugent-Hopkins wins face-off versus Jesperi Kotkaniemi in LAS VEGAS LIZARD KINGS zone. 7:05 of 2nd period - Shot by Nino Niederreiter. 7:05 of 2nd period - Stopped by Ilya Sorokin without a rebound. 7:06 of 2nd period - Ryan Nugent-Hopkins wins face-off versus Stefan Noesen in BOISE CARIBOUS zone. 7:08 of 2nd period - Minor Penalty to Moritz Seider for Holding. 7:09 of 2nd period - Ryan Nugent-Hopkins wins face-off versus Danton Heinen in BOISE CARIBOUS zone. 7:38 of 2nd period - Shot by Ryan Nugent-Hopkins. 7:38 of 2nd period - Stopped by Ilya Sorokin without a rebound. 7:39 of 2nd period - Ryan Nugent-Hopkins wins face-off versus Jean-Gabriel Pageau in BOISE CARIBOUS zone. 9:07 of 2nd period - Shot by Ryan Nugent-Hopkins. 9:07 of 2nd period - Shot Misses the Net. 9:09 of 2nd period - Shot by Matthew Nieto. 9:09 of 2nd period - Stopped by Ilya Sorokin without a rebound. 9:10 of 2nd period - Charlie Coyle wins face-off versus Sean Monahan in BOISE CARIBOUS zone. 9:30 of 2nd period - Icing by Ronald Attard. 9:31 of 2nd period - Sean Monahan wins face-off versus Artturi Lehkonen in LAS VEGAS LIZARD KINGS zone. 9:39 of 2nd period - Shot by Matthew Nieto. 9:39 of 2nd period - Shot Misses the Net. 9:45 of 2nd period - Shot by Matthew Nieto. 9:45 of 2nd period - Stopped by Ilya Sorokin without a rebound. 9:46 of 2nd period - Dylan Gambrell wins face-off versus Andre Burakovsky in BOISE CARIBOUS zone. 10:09 of 2nd period - Shot by Charlie Coyle. 10:09 of 2nd period - Stopped by Spencer Knight with a rebound. 10:11 of 2nd period - Shot by Dylan DeMelo. 10:11 of 2nd period - Stopped by Spencer Knight with a rebound. 10:13 of 2nd period - Shot by Andre Burakovsky. 10:13 of 2nd period - Stopped by Spencer Knight without a rebound. 10:14 of 2nd period - Ryan Nugent-Hopkins wins face-off versus Tim